 Dungeon Crawl Stone Soup version 0.25.1-1-g288607f5aa (webtiles) character file.

Game seed: 13625795276013457681

10 Atelerd the Conjurer (level 2, -2/17 HPs)
             Began as an Octopode Conjurer on July 27, 2020.
             Hit by a stone thrown by a gnoll (7 damage)
             ... on level 2 of the Dungeon.
             The game lasted 00:00:38 (665 turns).

Atelerd the Conjurer (Octopode Conjurer)             Turns: 665, Time: 00:00:38

Health: -2/17      AC:  1    Str:  7    XL:     2   Next: 20%
Magic:  5/5        EV: 13    Int: 17    God:
Gold:   65         SH:  5    Dex: 12    Spells: 4/5 levels left

rFire    . . .     SeeInvis .   f - +3 dagger
rCold    . . .     Gourm    .   (no shield)
rNeg     . . .     Faith    .   (helmet restricted)
rPois    .         Spirit   .   c - amulet of reflection
rElec    .         Reflect  +   (no ring)
rCorr    .         Harm     .   (no ring)
MR       .....                  (no ring)
Stlth    +++.......             (no ring)
HPRegen  0.05/turn              (no ring)
MPRegen  0.09/turn              (no ring)
                                (no ring)
                                (no ring)

@: no status effects
A: almost no armour, stealthy swim, amphibious, 8 rings, constrict 8, camouflage
1, gelatinous body 1
a: no special abilities


You were on level 2 of the Dungeon.
You were not hungry.

You visited 1 branch of the dungeon, and saw 2 of its levels.

You collected 65 gold pieces.

Inventory:

Hand Weapons
 e - a +0 dagger
 f - a +3 dagger (weapon)
Jewellery
 c - an amulet of reflection (around mantle)
Scrolls
 a - a scroll of random uselessness {unknown}
 g - a scroll of magic mapping {unknown}
Comestibles
 b - a ration
 d - a chunk of flesh


   Skills:
 - Level 2.0 Dodging
 + Level 3.4 Stealth
 + Level 2.3 Spellcasting
 - Level 4.0 Conjurations


You had 4 spell levels left.
You knew the following spells:

 Your Spells              Type           Power        Failure   Level  Hunger
a - Magic Dart            Conj           ###.         3%          1    #......

Your spell library contained the following spells:

 Spells                   Type           Power        Failure   Level  Hunger
 Searing Ray              Conj           ###...       5%          2    ##.....
 Dazzling Flash           Conj/Hex       #.....       24%         3    ###....
 Fulminant Prism          Conj/Hex       #.........   63%         4    #####..
 Iskenderun's Mystic Bla  Conj/Tloc      #.......     63%         4    #####..


Dungeon Overview and Level Annotations

Branches:
Dungeon (2/15)

Altars:


Innate Abilities, Weirdness & Mutations

You cannot wear most types of armour.
You are very stealthy in the water. (Stealth+)
You are amphibious.
You can wear up to eight rings at the same time.
You can use your tentacles to constrict eight enemies at once.
Your skin changes colour to match your surroundings (Stealth+).
Your rubbery body absorbs attacks. (AC +1, EV +1)


Message History

You see here a stone.
There are monsters nearby!
A gnoll comes into view. It is wielding a +0 club.
The gnoll throws a stone.
The stone closely misses you.
Found 12 gold pieces.
A gnoll comes into view. It is wielding a +0 spear.
The gnoll shouts!
You hear a shout!
The gnoll throws a stone.
The stone hits you.
A goblin comes into view. It is wielding a +0 dagger.
You see here a stone.
There are monsters nearby!
The gnoll throws a stone.
The stone barely misses you.
There are monsters nearby!
There are monsters nearby!
The gnoll hits you with a +0 club.
* * * LOW HITPOINT WARNING * * *
The gnoll closely misses you.
There are monsters nearby!
The gnoll throws a stone.
The stone hits you!
You die...

#.......# ######'##
#.# .#
######'#######.#
#.......((...#.#
#.......(....#.####
#..................
######....(.....#
#.....@....###.
#......g..g$...
......[.gg.......
....#####..g.....
..... #........
..... #........ ..
#........ #........
#........


You could see 4 gnolls and a goblin.

Vanquished Creatures
  A ball python (D:2)
  3 bats (D:1)
  A frilled lizard (D:1)
  2 goblins (D:1)
  3 kobolds (D:1)
  A rat (D:1)
11 creatures vanquished.

Notes
Turn   | Place    | Note
-------+----------+-------------------------------------------
     0 | D:1      | Atelerd the Octopode Conjurer began the quest for the Orb.
     0 | D:1      | Reached XP level 1. HP: 11/11 MP: 3/3
   323 | D:1      | Reached XP level 2. HP: 13/17 MP: 5/5
   665 | D:2      | Hit by a stone thrown by a gnoll

Illustrated notes

Levels and vault maps discovered:
D:1:      eino_arrival_water_star, layout_rooms
D:2:      layout_basic, first_ration

Skill      XL: |  1 |
---------------+----+-----
Stealth        | 3 |  3.4
Dodging        | |  2.0
Spellcasting   | |  2.3
Conjurations   | |  4.0

Action                   || total
-------------------------++-------
Melee: Unarmed           ||     7
       Dagger            ||    12
       Constrict         ||     6
       Tentacles         ||     1
 Cast: Magic Dart        ||     3
 Stab: Sleeping          ||     1
Armor: Skin              ||     4
Dodge: Dodged            ||    19
Block: Other             ||     4
